 Dungeon Crawl Stone Soup version 0.24.0-123-gd5b16e6ec5 (webtiles) character file.

Game seed: 1861190279977175839, levelgen mode: deterministic

139 PentaManta the Bolt Thrower (level 5, 0/30 HPs)
             Began as a Kobold Hunter on Dec 30, 2019.
             Killed by divine providence
             ... invoked by an orc priest
              (12 damage)
             ... on level 3 of the Dungeon.
             The game lasted 00:03:46 (2366 turns).

PentaManta the Bolt Thrower (Kobold Hunter)         Turns: 2366, Time: 00:03:47

Health: 0/30       AC:  3    Str: 11    XL:     5   Next: 46%
Magic:  5/5        EV: 14    Int: 12    God:
Gold:   139        SH:  3    Dex: 15    Spells: 4/4 levels left

rFire    . . .     SeeInvis .   a - +1 hand crossbow
rCold    . . .     Gourm    .   (shield restricted)
rNeg     . . .     Faith    .   c - +0 leather armour
rPois    .         Spirit   .   (no helmet)
rElec    .         Reflect  +   (no cloak)
rCorr    .         Harm     .   (no gloves)
MR       .....                  (no boots)
Stlth    ++........             q - +3 amulet of reflection
HPRegen  0.10/turn              (no ring)
MPRegen  0.09/turn              (no ring)

@: no status effects
A: small, carnivore
a: no special abilities


You were on level 3 of the Dungeon.
You were not hungry.

You visited 1 branch of the dungeon, and saw 3 of its levels.

You collected 139 gold pieces.

Inventory:

Hand Weapons
 a - a +1 hand crossbow (weapon)
 b - a +0 short sword
Missiles
 d - 32 bolts (quivered)
 n - 41 poisoned darts
Armour
 c - a +0 leather armour (worn)
Jewellery
 q - a +3 amulet of reflection (around neck)
Scrolls
 e - 2 scrolls of amnesia
 k - 4 scrolls of remove curse
 l - 2 scrolls of identify {unknown}
 r - a scroll of noise {unknown}
 t - a scroll of teleportation
Potions
 g - a potion of heal wounds {unknown}
 h - a potion of haste {unknown}
 i - 2 potions of agility {unknown}
 j - a potion of might {unknown}
 m - a potion of brilliance {unknown}
 o - 2 potions of curing {unknown}
 p - a potion of lignification {unknown}
 s - a potion of mutation {unknown}
 u - 2 potions of invisibility {unknown}
Comestibles
 f - 5 rations


   Skills:
 - Level 2.1 Fighting
 + Level 7.6 Crossbows
 - Level 2.4 Dodging
 - Level 1.3 Stealth


You had 4 spell levels left.
You didn't know any spells.
Your spell library was empty.

Dungeon Overview and Level Annotations

Branches:
Dungeon (3/15)

Altars:
Makhleb
Wu Jian


Innate Abilities, Weirdness & Mutations

You are small and have problems with some larger weapons.
You are carnivorous and can eat meat at any time.


Message History

Aim: a bullfrog You shoot a bolt.
The bolt barely misses the bullfrog.
The bolt hits the orc.
The orc is moderately wounded.
The bullfrog hits you! The bullfrog closely misses you.
The bullfrog barely misses you. The bullfrog barely misses you.
The bullfrog misses you. The bullfrog hits you!
The bullfrog hits you but does no damage.
The bullfrog hits you but does no damage.
The bullfrog barely misses you. The bullfrog barely misses you.
The bullfrog hits you. The bullfrog closely misses you.
The orc priest calls upon Beogh to heal the orc.
The orc's wounds heal themselves!
You block the bullfrog's attack.
The orc priest calls down the wrath of Beogh upon you.
Beogh smites you!
You die...

#######################
......................# #..
...........o..o.......# #...
.......@F.o.o.........#
#..##+#########.........####...#
#..#.......................#...#
...........................#...#
......#########.........#..#o..#
......# .............#..#...#
......# ..............#..#o..#
......# ...............# .#...#
#..#..# ...............# #...#


You could see a bullfrog, an orc priest and 3 orcs.

Vanquished Creatures
  5 adders
  An ooze (D:2)
  3 worms
  A dart slug (D:2)
  5 leopard geckos
  5 orcs (D:3)
  4 giant cockroaches
  9 goblins
  4 hobgoblins
  4 jackals (D:1)
  A quokka (D:3)
  5 bats
  A frilled lizard (D:2)
  9 kobolds
  9 rats
66 creatures vanquished.

Vanquished Creatures (others)
  An orc (D:3)
1 creature vanquished.

Grand Total: 67 creatures vanquished

Notes
Turn   | Place    | Note
-------+----------+-------------------------------------------
     0 | D:1      | PentaManta the Kobold Hunter began the quest for the Orb.
     0 | D:1      | Reached XP level 1. HP: 12/12 MP: 1/1
    65 | D:1      | Reached skill level 5 in Crossbows
    82 | D:1      | Reached XP level 2. HP: 13/17 MP: 2/2
   619 | D:1      | Reached XP level 3. HP: 16/21 MP: 3/3
   700 | D:1      | Reached skill level 6 in Crossbows
  1304 | D:2      | Reached XP level 4. HP: 26/26 MP: 4/4
  1600 | D:2      | Found a faded altar of an unknown god.
  1631 | D:2      | Reached skill level 7 in Crossbows
  1724 | D:2      | Reached XP level 5. HP: 30/30 MP: 5/5
  2121 | D:3      | Found an ornate altar of the Wu Jian Council.
  2220 | D:3      | Found a burning altar of Makhleb.
  2336 | D:3      | Noticed a bullfrog
  2366 | D:3      | Killed from afar by an orc priest

Levels and vault maps discovered:
D:1:      dpeg_arrival_signposts, layout_loops_ring
D:2:      layout_basic, chequers_ecumenical_altar_island
D:3:      layout_basic, lemuel_crystal_altar, old_standard_altar

Skill      XL: |  1  2  3  4 |
---------------+-------------+-----
Crossbows      | 5 6 7 |  7.6
Fighting       | |  2.1
Dodging        | |  2.4
Stealth        | |  1.3

Action                   |  1- 3 |  4- 6 || total
-------------------------+-------+-------++-------
Melee: Short sword       |    22 |       ||    22
 Fire: Hand crossbow     |    69 |    58 ||   127
  Use: Scroll            |     4 |       ||     4
 Stab: Sleeping          |     1 |       ||     1
  Eat: Chunk             |     1 |     4 ||     5
Armor: Leather armour    |     8 |     2 ||    10
Dodge: Dodged            |    27 |    12 ||    39
Block: Other             |     2 |     2 ||     4
       Reflection        |       |     1 ||     1
